 Dungeon Crawl Stone Soup version 0.18.1-5-g4a78601 (webtiles) character file.

218 EndlessMike the Insei (level 5, 0/29 HPs)
             Began as a Vine Stalker Monk on May 9, 2016.
             Succumbed to a worker ant's poison
             ... on level 4 of the Dungeon.
             The game lasted 00:05:01 (2315 turns).

EndlessMike the Insei (Vine Stalker Monk)           Turns: 2315, Time: 00:05:01

Health: 0/29       AC: 11    Str: 15    XL:     5   Next: 95%
Magic:  5/6        EV:  4    Int: 10    God:
Gold:   147        SH:  0    Dex: 16    Spells: 0 memorised, 4 levels left

rFire  . . .     SeeInvis .       - Unarmed
rCold  . . .     Gourm    .     l - +0 plate armour
rNeg   . . .     Faith    .     (no shield)
rPois  .         Spirit   +     (no helmet)
rElec  .         Dismiss  .     (no cloak)
rCorr  .         Reflect  .     (no gloves)
SustAt .         Harm     .     q - +0 pair of boots
MR     .....                    (no amulet)
Stlth  ..........               (no ring)
                                (no ring)

@: confused, lethally poisoned (0 -> -14), about to teleport, not resistant to
hostile enchantments, extremely unstealthy
A: fangs 2, regeneration 1, magic shield, antimagic bite, no device heal 3, rot
immunity
a: no special abilities


You were on level 4 of the Dungeon.
You were hungry.

You visited 1 branch of the dungeon, and saw 4 of its levels.

You collected 147 gold pieces.

Inventory:

Hand Weapons
 b - a +0 blowgun
Missiles
 x - 13 poisoned needles
Armour
 l - a +0 plate armour (worn)
 q - a +0 pair of boots (worn)
Scrolls
 a - 2 scrolls of remove curse
 e - a scroll of identify
 i - a scroll of enchant weapon
 r - a scroll of recharging {unknown}
Potions
 d - a potion of resistance {unknown}
 f - a potion of magic {unknown}
 g - a potion of heal wounds {unknown}
 h - 2 potions of agility {unknown}
 k - a potion of mutation {unknown}
 m - a potion of invisibility {unknown}
 u - a potion of brilliance {unknown}
Comestibles
 j - 2 meat rations
 o - a fruit
 t - a slice of pizza
 v - 4 bread rations
 w - 2 beef jerkies


   Skills:
 + Level 3.9 Fighting
 - Level 2.4 Dodging
 - Level 2.4 Stealth
 * Level 6.2 Unarmed Combat


You had 4 spell levels left.
You didn't know any spells.

Dungeon Overview and Level Annotations

Branches:
Dungeon (4/15)             Temple (0/1) D:4

Altars:
Ashenzari
Okawaru
The Shining One


Innate Abilities, Weirdness & Mutations

You have extremely sharp teeth.
Your natural rate of healing is unusually fast.
When hurt, damage is shared between your health and your magic reserves.
Your bite disrupts and absorbs the magic of your enemies.
Potions and wands cannot restore your health.
You are immune to rotting.


Message History

The worker ant is severely wounded.
You feel sick. The worker ant bites you.
* * * LOW HITPOINT WARNING * * *
You are lethally poisoned!
The worker ant poisons you! The hound bites you. The worker ant bites you.
* * * LOW HITPOINT WARNING * * *
You are more poisoned.
The worker ant poisons you!
You hit the worker ant. Your bite misses the worker ant.
The worker ant is almost dead.
* * * LOW HITPOINT WARNING * * *
You feel sick. The hound bites you but does no damage.
The jackal bites you but does no damage.
The worker ant bites you.
* * * LOW HITPOINT WARNING * * *
Drink which item? (? for menu, Esc to quit)
It was a potion of ambrosia.
You are confused.
You feel invigorated.
You die...

******###................,,,
*,,,,...........<.......,,,
*,*****#......!.........,,,
*,* #................,,, *,*
#......a.........,,, *** *,*
#..hOh...........,,, *<* *,*
####h#.##....####*** *,*
*,*########h#l#####.# *,*
*,,......a@hha......# *,*
***###########.####*# *,*
*,,,,,,,,,,,.#
**,******,******,,,*.#
*,,,,,,,,,,,,,,,,,,*,*
*********,******,,,*,*
*,,,,,**,,,*,*
*****,**,,,*,* *,**,,,*,*


You could see an ogre, a hound, 2 worker ants, 4 jackals and a giant newt.

Vanquished Creatures
  Ijyb (D:2)
  12 gnolls
  3 adders (D:2)
  An ooze (D:3)
  3 dart slugs
  A giant gecko (D:2)
  An orc (D:3)
  2 bats (D:1)
  A giant cockroach (D:1)
  7 goblins
  2 hobgoblins
  5 kobolds
  2 quokkas (D:3)
  A ball python (D:2)
  4 rats
46 creatures vanquished.

Notes
Turn   | Place    | Note
--------------------------------------------------------------
     0 | D:1      | EndlessMike the Vine Stalker Monk began the quest for the Orb.
     0 | D:1      | Reached XP level 1. HP: 11/11 MP: 2/2
   127 | D:1      | Reached XP level 2. HP: 9/16 MP: 1/3
   469 | D:2      | Noticed Ijyb
   485 | D:2      | Killed Ijyb
   485 | D:2      | Reached XP level 3. HP: 13/20 MP: 2/4
   567 | D:2      | Reached skill level 5 in Unarmed Combat
   567 | D:2      | Reached XP level 4. HP: 12/24 MP: 1/5
   709 | D:2      | HP: 1/24 [poisoned by an adder]
   715 | D:2      | HP: 1/24 [poisoned by an adder]
   723 | D:2      | HP: 1/24 [poisoned by an adder]
  1010 | D:2      | Found an iron altar of Okawaru.
  1044 | D:2      | Found a shattered altar of Ashenzari.
  1064 | D:2      | Reached XP level 5. HP: 19/28 MP: 4/6
  1803 | D:3      | Reached skill level 6 in Unarmed Combat
  1899 | D:3      | Found a glowing golden altar of the Shining One.
  2295 | D:4      | Noticed an ogre
  2315 | D:4      | Succumbed to a worker ant's poison

Skill      XL: |  1  2  3  4  5 |
---------------+----------------+-----
Fighting       | 3 |  3.9
Unarmed Combat | 5 6 |  6.2
Dodging        | |  2.4
Stealth        | |  2.4

Action                   |  1- 3 |  4- 6 || total
-------------------------+-------+-------++-------
Melee: Unarmed           |    72 |   124 ||   196
       Bite              |    14 |    43 ||    57
       Punch             |     1 |       ||     1
  Use: Scroll            |       |     5 ||     5
       Potion            |       |     1 ||     1
 Stab: Sleeping          |     2 |       ||     2
       Distracted        |     1 |       ||     1
  Eat: Chunk             |       |     4 ||     4
Armor: Robe              |     8 |     1 ||     9
       Plate armour      |       |    87 ||    87
Dodge: Dodged            |    41 |    33 ||    74
